 Dungeon Crawl Stone Soup version 0.28-a0-313-gbc0475efdd (webtiles) character file.

Game seed: 14538349998452863526

175 Gobbopathe the Conjurer (level 5, -13/35 HPs)
             Began as a Demonspawn Conjurer on Aug 31, 2021.
             Mangled by an ogre (29 damage)
             ... on level 4 of the Dungeon.
             The game lasted 00:07:13 (3266 turns).

Gobbopathe the Conjurer (Demonspawn Conjurer)       Turns: 3266, Time: 00:07:13

Health: -13/35     AC:  2    Str:  7    XL:     5   Next: 29%
Magic:  13/18      EV: 12    Int: 21    God:
Gold:   200        SH:  0    Dex: 11    Spells: 4/9 levels left

rFire   . . .      SeeInvis .   a - +0 short sword
rCold   . . .      Faith    .   (no shield)
rNeg    . . .      Spirit   .   d - +0 robe
rPois   .          Reflect  .   (no helmet)
rElec   .          Harm     .   (no cloak)
rCorr   .          Rampage  .   (no gloves)
Will    +....                   (no boots)
Stlth   ++........              (no amulet)
HPRegen 0.11/turn               k - ring of magical power
MPRegen 0.16/turn               q - ring of willpower

@: no status effects
A: spiny 2
a: no special abilities


You were on level 4 of the Dungeon.
You visited 1 branch of the dungeon, and saw 4 of its levels.

You collected 200 gold pieces.

Inventory:

Hand Weapons
 a - a +0 short sword (weapon)
 b - a +0 hunting sling
 g - a +0 spear
Missiles
 m - 29 sling bullets
Armour
 d - a +0 robe (worn)
Jewellery
 j - a ring of positive energy
 k - a ring of magical power (left hand)
 q - a ring of willpower (right hand)
Scrolls
 h - a scroll of enchant weapon {unknown}
 i - a scroll of vulnerability {unknown}
 l - 2 scrolls of teleportation {unknown}
 n - a scroll of summoning {unknown}
 o - a scroll of magic mapping {unknown}
 p - a scroll of fog {unknown}
Potions
 c - 3 potions of curing {unknown}
 e - a potion of flight {unknown}
 f - 2 potions of mutation {unknown}


   Skills:
 * Level 3.4 Dodging
 - Level 1.7 Stealth
 + Level 2.8 Spellcasting
 * Level 5.2 Conjurations
 + Level 0.2 Translocations


You had 4 spell levels left.
You knew the following spells:

 Your Spells              Type           Power      Damage    Failure   Level
a - Magic Dart            Conj           96%        1d7       1%          1
b - Iskenderun's Mystic   Conj/Tloc      14%        2d5       41%         4

Your spell library contained the following spells:

 Spells                   Type           Power      Damage    Failure   Level
 Searing Ray              Conj           48%        3d5       2%          2
 Dazzling Flash           Conj/Hex       26%        N/A       14%         3
 Gell's Gravitas          Tloc           2%         N/A       36%         3
 Teleport Other           Tloc           4%         N/A       36%         3
 Ozocubu's Armour         Ice            3%         N/A       38%         3
 Fulminant Prism          Conj/Hex       6%         3d7       43%         4
 Metabolic Englaciation   Hex/Ice        1%         N/A       98%         5
 Dispersal                Tloc           2%         N/A       100%        6
 Simulacrum               Ice/Necr       1%         N/A       100%        6


Dungeon Overview and Level Annotations

Branches:
Dungeon (4/15)
 Temple: D:4-7

Altars:
Dithmenos
Makhleb


Innate Abilities, Weirdness & Mutations

You are mostly covered in sharp spines.


Message History

The ogre is lightly wounded.
Casting: Magic Dart (safe; 1% risk of failure)
Confirm with . or Enter, or press ? or * to list all spells.
Aiming: Magic Dart (safe; 1% risk of failure)
Press: ? - help, Shift-Dir - straight line, f/p - ogre
Aim: an ogre, wielding a +0 giant club (lightly wounded, 100% to hit)
The magic dart hits the ogre!
The ogre is moderately wounded.
Casting: Magic Dart (safe; 1% risk of failure)
Confirm with . or Enter, or press ? or * to list all spells.
Aiming: Magic Dart (safe; 1% risk of failure)
Press: ? - help, Shift-Dir - straight line, f/p - ogre
Aim: an ogre, wielding a +0 giant club (moderately wounded, 100% to hit)
The magic dart hits the ogre.
The ogre is heavily wounded.
Casting: Magic Dart (safe; 1% risk of failure)
Confirm with . or Enter, or press ? or * to list all spells.
Aiming: Magic Dart (safe; 1% risk of failure)
Press: ? - help, Shift-Dir - straight line, f/p - ogre
Aim: an ogre, wielding a +0 giant club (heavily wounded, 100% to hit)
The magic dart hits the ogre but does no damage.
The ogre is heavily wounded.
Casting: Magic Dart (safe; 1% risk of failure)
Confirm with . or Enter, or press ? or * to list all spells.
Aiming: Magic Dart (safe; 1% risk of failure)
Press: ? - help, Shift-Dir - straight line, f/p - ogre
Aim: an ogre, wielding a +0 giant club (heavily wounded, 100% to hit)
The magic dart hits the ogre.
The ogre is heavily wounded.
You hit the ogre.
The ogre is heavily wounded.
The ogre hits you with a +0 giant club!!
Ouch! That really hurt!
Unknown command.
You hit the ogre but do no damage.
The ogre is heavily wounded.
The ogre is struck by your spines.
The ogre hits you with a +0 giant club!!
Ouch! That really hurt!
You die...

.........#########...### #.#
##......###### 8...8 #.#
##..#......... #...# #.#
........#####. #...# #.#
......#.# ##...## #.##
...##.....# #8...8# #..#
..##......# ## #...####
###.# ..
#.####.#8###8##...##8###8#.#
.. #. ......O@...).........#
.. #. ..........⌠..........#
. .....................#
##8###8##...##8###8### # ##
#..)#### ### #8...8# ##...##
#...#


You could see an ogre.

Vanquished Creatures
  A water moccasin skeleton (D:4)
  A bullfrog skeleton (D:4)
  2 adders
  2 dart slugs (D:1)
  4 orcs
  6 bats
  9 endoplasms
  4 giant cockroaches
  6 goblins
  7 hobgoblins
  4 jackals (D:1)
  5 kobolds
  A quokka (D:4)
  8 ball pythons
  3 frilled lizards
  7 rats
70 creatures vanquished.

Vanquished Creatures (others)
  2 fungi (D:4)
  4 toadstools (D:4)
6 creatures vanquished.

Grand Total: 76 creatures vanquished

Notes
Turn   | Place    | Note
-------+----------+-------------------------------------------
     0 | D:1      | Gobbopathe the Demonspawn Conjurer began the quest for the
                  | Orb.
     0 | D:1      | Reached XP level 1. HP: 13/13 MP: 3/3
   265 | D:1      | Gained mutation: You are partially covered in sharp spines.
                  | [demonic ancestry]
   265 | D:1      | Reached XP level 2. HP: 19/19 MP: 1/5
   815 | D:1      | Reached XP level 3. HP: 24/24 MP: 2/6
  2259 | D:3      | Gained mutation: You are mostly covered in sharp spines.
                  | [demonic ancestry]
  2259 | D:3      | Reached XP level 4. HP: 30/30 MP: 3/7
  2617 | D:3      | Found a burning altar of Makhleb.
  2617 | D:3      | Found a shadowy altar of Dithmenos.
  2840 | D:3      | Found a faded altar of an unknown god.
  2913 | D:4      | Reached skill level 5 in Conjurations
  2913 | D:4      | Reached XP level 5. HP: 27/35 MP: 9/9
  2943 | D:4      | Learned a level 4 spell: Iskenderun's Mystic Blast
  3258 | D:4      | Noticed an ogre
  3266 | D:4      | Mangled by an ogre

Illustrated notes

Levels and vault maps discovered:
D:1:      lightli_arrival_flooded_house, layout_loops_ring,
          minmay_misc_feat_diagonals
D:2:      layout_loops_ring, minivault_27
D:3:      layout_rooms, chequers_temple_overflow_statue_of_worship,
          dreamdust_ecumenical_altar_hidden_monk_grotto
D:4:      layout_rooms, old_standard_altar, mainiacjoe_overflow_small_starburst,
          minmay_gold_behind_fungi, corexii_hall_statues_x, minmay_lizard_king

Skill      XL: |  1  2  3  4 |
---------------+-------------+-----
Dodging        | 2 3 |  3.4
Conjurations   | 5 |  5.2
Stealth        | |  1.7
Spellcasting   | |  2.8
Translocations | |  0.2

Action                   |  1- 3 |  4- 6 || total
-------------------------+-------+-------++-------
Melee: Unarmed           |    17 |       ||    17
       Club              |     4 |       ||     4
       Short sword       |       |    27 ||    27
 Cast: Magic Dart        |    71 |    40 ||   111
Armor: Robe              |     5 |     3 ||     8
Dodge: Dodged            |    13 |    12 ||    25

Table legend: (Time is in decaauts)
 A = Elapsed time spent in this place.
 B = Non-inter-level travel time spent in this place.
 C = Inter-level travel time spent in this place.
 D = Time resting spent in this place.
 E = Time spent auto-exploring this place.
 F = Levels seen in this place.
 G = Mean time per level.
                   A        B        C        D        E       F      G
               +--------+--------+--------+--------+--------+-----+--------+
         Total |   3268 |   3180 |     88 |    467 |   2355 |   4 |  817.0 |
       Dungeon |   3268 |   3180 |     88 |    467 |   2355 |   4 |  817.0 |
               +--------+--------+--------+--------+--------+-----+--------+

Top non-repeatable levels by time:
     D:1: 1352 daAuts
     D:2: 886 daAuts
     D:3: 661 daAuts
     D:4: 368 daAuts
